 Dungeon Crawl Stone Soup version 0.30.0-29-ga12c61a403 (webtiles) character file.

Game seed: 1238009204032111975

28 Irreverend the Slasher (level 3, 28/28 HPs)
             Began as a Demonspawn Gladiator on June 5, 2023.
             Quit the game on level 2 of the Dungeon.
             The game lasted 00:01:27 (828 turns).

Irreverend the Slasher (Demonspawn Gladiator)        Turns: 828, Time: 00:01:28

Health: 28/28      AC:  6    Str: 14    XL:     3   Next: 0%
Magic:  3/3        EV: 12    Int:  9    God:
Gold:   70         SH:  0    Dex: 16    Spells: 2/2 levels left

rFire   . . .        a - +0 long sword
rCold   . . .        (no shield)
rNeg    + . .        h - +2 leather armour {rN+}
rPois   .            c - +0 helmet
rElec   .            (no cloak)
rCorr   .            (no gloves)
SInv    .            (no boots)
Will    .....        (no amulet)
Stlth   +            (no ring)
HPRegen 0.24/turn    (no ring)
MPRegen 0.16/turn

%: no passive effects
@: no status effects
A: magic regeneration
a: no special abilities


You were on level 2 of the Dungeon.
You visited 1 branch of the dungeon, and saw 2 of its levels.

You collected 70 gold pieces.

Inventory:

Hand Weapons
 a - a +0 long sword (weapon)
Missiles
 d - 3 throwing nets (quivered)
 e - a javelin
Armour
 c - a +0 helmet (worn)
 h - a +2 leather armour of positive energy (worn)
Jewellery
 i - an amulet of regeneration
 j - a ring of willpower
Scrolls
 b - a scroll of noise {unknown}
 f - a scroll of silence {unknown}
 m - a scroll of vulnerability {unknown}
Potions
 g - a potion of resistance {unknown}
 k - 3 potions of curing {unknown}
 l - a potion of haste {unknown}


   Skills:
 + Level 2.3 Fighting
 * Level 3.2 Long Blades
 - Level 1.7 Throwing
 + Level 0.8 Armour
 + Level 2.9 Dodging


You had 2 spell levels left.
You didn't know any spells.
Your spell library contained the following spells:

 Spells                   Type           Power      Damage    Failure   Level
 Slow                     Hex            0%         N/A       45%         1
 Confusing Touch          Hex            0%         N/A       83%         3
 Vampiric Draining        Necr           0%         2d6       83%         3


Dungeon Overview and Level Annotations

Branches:
Dungeon (2/15)

Altars:


Innate Abilities, Weirdness & Mutations

You regenerate magic rapidly.


Message History

No target in view!
No target in view!
No target in view!
No target in view!
No target in view!
k - 2 lumpy brown potions
k - 3 lumpy brown potions (gained 1)
l - a bubbling brown potion
Found an escape hatch in the floor.
Found a stone staircase leading down.
There is an escape hatch in the floor here.
An endoplasm comes into view.
An endoplasm is nearby!
The endoplasm quivers.
The endoplasm hits you but does no damage.
You barely miss the endoplasm.
The endoplasm hits you but does no damage.
You barely miss the endoplasm. The endoplasm barely misses you. x2
You hit the endoplasm.
The endoplasm is severely wounded.
The endoplasm hits you but does no damage.
You slash the endoplasm!
You kill the endoplasm!
No target in view!
No target in view!
No target in view!
No target in view!
A hobgoblin comes into view.
Found 12 gold pieces.
A hobgoblin is nearby!
The hobgoblin shouts!
The hobgoblin misses you.
You hit the hobgoblin.
You kill the hobgoblin!
You have reached level 3!
Your experience leads to an increase in your attributes!
Increase (S)trength, (I)ntelligence, or (D)exterity?
You feel agile. x2
You now have 70 gold pieces (gained 12).
m - a scroll labelled PEXKEL QETEADI Are you sure you want to abandon this character and quit the game? (Confirm with "yes".)

..... ..
######...# #.
#........# .
#........# #
#........#########
+.................
#........# #..
#@.......# #..
#........# #..
#........#######..
########..........
#..........
#..........
#..........
#########.# #.#


There were no monsters in sight!

Vanquished Creatures
  A dart slug (D:1)
  2 bats
  4 endoplasms
  3 giant cockroaches (D:1)
  3 goblins (D:1)
  A hobgoblin (D:2)
  2 ball pythons (D:1)
  2 frilled lizards (D:1)
  3 kobolds (D:1)
  2 rats (D:1)
23 creatures vanquished.

Notes
Turn   | Place    | Note
-------+----------+-------------------------------------------
     0 | D:1      | Irreverend the Demonspawn Gladiator began the quest for the
                  | Orb.
     0 | D:1      | Reached XP level 1. HP: 16/16 MP: 1/1
   114 | D:1      | Gained mutation: You regenerate magic rapidly. [demonic
                  | ancestry]
   114 | D:1      | Reached XP level 2. HP: 19/22 MP: 2/2
   168 | D:1      | Reached skill level 3 in Long Blades
   807 | D:2      | Reached XP level 3. HP: 28/28 MP: 3/3
   828 | D:2      | Quit the game

Illustrated notes

Levels and vault maps discovered:
D:1:      wander_arrival_chamber, layout_basic
D:2:      layout_basic, basic_altar, nicolae_grassy_gnolls

Skill      XL: |  1  2 |
---------------+-------+-----
Long Blades    | 3 |  3.2
Fighting       | |  2.3
Throwing       | |  1.7
Armour         | |  0.8
Dodging        | |  2.9

Action                     || total
---------------------------++-------
  Melee: Long sword        ||    48
 Armour: Leather armour    ||    20
  Dodge: Dodged            ||    28
